 Dungeon Crawl Stone Soup version 0.29.1-4-g47bece8355 (webtiles) character file.

Game seed: 17878540529953679145

50 Hercules1031 the Trooper (level 3, -4/29 HPs)
             Began as a Demonspawn Abyssal Knight on Dec 8, 2022.
             Was a Believer of Lugonu.
             Slain by Sigmund
             ... wielding a +0 scythe
              (8 damage)
             ... on level 2 of the Dungeon on Dec 9, 2022.
             The game lasted 00:07:49 (1799 turns).

Hercules1031 the Trooper (DsAK)                     Turns: 1799, Time: 00:07:49

Health: -4/29      AC:  5    Str: 15    XL:     3   Next: 55%
Magic:  5/5        EV: 10    Int: 11    God:    Lugonu [**....]
Gold:   80         SH:  0    Dex: 13    Spells: 2/2 levels left

rFire   . . .      SeeInvis .   g - +1 lajatang (elec)
rCold   . . .      Faith    .   (shield currently unavailable)
rNeg    . . .      Spirit   .   f - +0 ring mail
rPois   .          Reflect  +   (no helmet)
rElec   .          Harm     .   (no cloak)
rCorr   .          Rampage  .   (no gloves)
Will    .....                   (no boots)
Stlth   ..........              e - amulet of reflection
HPRegen 0.09/turn               (no ring)
MPRegen 0.09/turn               (no ring)

@: confused, brilliant
A: powered by death 1
a: Renounce Religion, Depart the Abyss, Bend Space


You were on level 2 of the Dungeon.
You worshipped Lugonu.
Lugonu was pleased with you.
You visited 1 branch of the dungeon, and saw 2 of its levels.
You visited the Abyss 1 time.

You collected 104 gold pieces.
You spent 24 gold pieces at shops.

Inventory:

Hand Weapons
 a - a +1 hand axe
 g - a +1 lajatang of electrocution (weapon)
Armour
 f - a +0 ring mail (worn)
Jewellery
 e - an amulet of reflection (around neck)
Scrolls
 h - a scroll of amnesia {unknown}
 i - 2 scrolls of identify {unknown}
 j - a scroll of brand weapon {unknown}
 k - a scroll of immolation {unknown}
Potions
 c - a potion of brilliance
 d - a potion of magic {unknown}
 l - a potion of mutation {unknown}


   Skills:
 + Level 3.3 Fighting
 - Level 2.1 Axes
 * Level 0.4 Staves
 + Level 2.2 Armour
 + Level 1.5 Dodging
 + Level 3.1 Invocations


You had 2 spell levels left.
You didn't know any spells.
Your spell library was empty.

Dungeon Overview and Level Annotations

Branches:
Dungeon (2/15)

Altars:

Shops:
D:1 [   D:2 *

Annotations:
D:2 Sigmund


Innate Abilities, Weirdness & Mutations

You regenerate a little health from kills.


Message History

The rat bites you.
You slash the rat!
You kill the rat!
Lugonu accepts your kill. Something hits you. Something hits you.
You completely miss something. Something hits you.
You closely miss something. Something hits you but does no damage.
You miss something. Something hits you.
You miss something. Something hits you but does no damage.
You barely miss something. Something hits you but does no damage.
You miss something. Something hits you!
* * * LOW HITPOINT WARNING * * *
You closely miss something. You hit something.
Lightning courses through something!
You hear some strange, mumbled words.
A puff of flame appears from out of thin air!
The puff of flame hits you.
* * * LOW HITPOINT WARNING * * *
Something hits you.
* * * LOW HITPOINT WARNING * * *
Okay, then.
It was a potion of brilliance.
You feel clever all of a sudden.
It was a potion of ambrosia.
You are confused.
You feel invigorated.
You hear some strange, mumbled words.
You are more confused.
You completely miss something. Something hits you!
* * * LOW HITPOINT WARNING * * *
You bump into the rock wall.
Something hits you but does no damage.
You bump into the rock wall.
You feel less invigorated.
You hear some strange, mumbled words.
A puff of flame appears from out of thin air!
The puff of flame hits you!
You bump into the rock wall.
Something hits you.
* * * LOW HITPOINT WARNING * * *
You bump into the rock wall.
Something hits you!
You die...

#.#.......#..
#.#.......#..
#.#.......### #.#.......#
# #.#.......# #
#.#.#########
#.#..........
####.########.#..........
......{.@.......#........
####.########.#.....#####
#.#####.#....
####..........†.
.........#.#....
#######.##.##### #.##.#
#######.##.# ...........#


There were no monsters in sight!

Vanquished Creatures
  2 adders (D:2)
  A worm (D:2)
  A dart slug (D:1)
  3 ball pythons (D:1)
  An endoplasm (D:1)
  2 giant cockroaches
  A hobgoblin (D:1)
  A jackal (D:1)
  A kobold (D:1)
  A quokka (D:1)
  7 bats
  2 frilled lizards (D:1)
  5 rats
28 creatures vanquished.

Notes
Turn   | Place    | Note
-------+----------+-------------------------------------------
     0 | Abyss:1  | Hercules1031 the Demonspawn Abyssal Knight began the quest
                  | for the Orb.
     0 | Abyss:1  | Reached XP level 1. HP: 18/18 MP: 2/2
     7 | D:1      | Escaped the Abyss
   159 | D:1      | Found Baackol's Armour Boutique.
   168 | D:1      | Reached skill level 1 in Dodging
   585 | D:1      | Found a faded altar of an unknown god.
   640 | D:1      | Gained mutation: You regenerate a little health from kills.
                  | [demonic ancestry]
   640 | D:1      | Reached XP level 2. HP: 24/24 MP: 4/4
  1116 | D:2      | Reached XP level 3. HP: 21/29 MP: 5/5
  1240 | D:2      | Identified the +4 leather armour "Bedig" {Harm Rampage}
  1310 | D:2      | Found Wexkus's Assorted Antiques.
  1318 | D:2      | Bought a scroll labelled GAALIN HEAPEET for 24 gold pieces
  1777 | D:2      | Noticed Sigmund
  1799 | D:2      | Slain by Sigmund

Illustrated notes

Levels and vault maps discovered:
D:1:      kennysheep_arrival_seaside, layout_rooms, serial_shops, shop,
          ebering_ecumenical_altar_ruins, minmay_distorted
D:2:      layout_basic, serial_shops, shop_fountains, uniq_sigmund

Skill      XL: |  1  2 |
---------------+-------+-----
Dodging        | 1 |  1.5
Axes           | 2 |  2.1
Armour         | 2 |  2.2
Invocations    | 3 |  3.1
Fighting       | |  3.3
Staves         | |  0.4

Action                   || total
-------------------------++-------
Melee: Hand axe          ||    56
       Punch             ||     1
       Lajatang          ||    31
  Use: Potion            ||     3
 Stab: Sleeping          ||     1
Armor: Leather armour    ||    12
       Ring mail         ||    18
Dodge: Dodged            ||    42
Block: Other             ||    11
